 Dungeon Crawl Stone Soup version 0.30-a0-1066-g63dfefce0d (webtiles) character file.

Game seed: 11774862444722704965

248 hwolsky the Conjurer (level 5, 0/57 HPs)
             Began as a Draconian Conjurer on Apr 12, 2023.
             Was a Believer of Makhleb.
             Slain by a kobold brigand
             ... wielding a +0 dagger
              (4 damage)
             ... in a sewer.
             The game lasted 00:16:57 (4797 turns).

hwolsky the Conjurer (Draconian Conjurer)           Turns: 4797, Time: 00:17:00

Health: 0/57       AC:  6    Str: 10    XL:     5   Next: 86%
Magic:  1/9        EV: 12    Int: 20    God:    Makhleb [**....]
Gold:   162        SH:  0    Dex:  9    Spells: 7/10 levels left

rFire   + . .      SeeInvis .    d - staff of conjuration
rCold   + . .      Faith    .    (no shield)
rNeg    . . .      Spirit   .    (body armour unavailable)
rPois   +          Reflect  .    h - +1 hat
rElec   +          Rampage  .    (no cloak)
rCorr   +                        (no gloves)
Will    .....                    (no boots) Stlth
                                 (no amulet)
HPRegen 0.29/turn                (no ring)
MPRegen 0.11/turn                (no ring)

@: berserking, resistant, slowed
A: AC +5, unfitting armour, cold-blooded
a: Renounce Religion, Minor Destruction


You were in a sewer.
You worshipped Makhleb.
Makhleb was pleased with you.
You visited 1 branch of the dungeon, and saw 4 of its levels.
You also visited: Sewer.

You collected 162 gold pieces.

Inventory:

Hand Weapons
 b - a +0 dagger of venom
Missiles
 j - 2 boomerangs
Armour
 h - a +1 hat (worn)
Magical Staves
 d - a staff of conjuration (weapon)
Potions
 c - a potion of lignification {unknown}
 e - a potion of resistance
 f - a potion of flight {unknown}
 g - a potion of berserk rage


   Skills:
 + Level 0.7 Staves
 + Level 3.1 Dodging
 - Level 3.0 Stealth
 + Level 3.2 Spellcasting
 * Level 5.0 Conjurations
 + Level 0.8 Invocations


You had 7 spell levels left.
You knew the following spells:

 Your Spells              Type           Power      Damage    Failure   Level
a - Magic Dart            Conj           100%       1d8       1%          1
b - Searing Ray           Conj           70%        2d7       2%          2

Your spell library contained the following spells:

 Spells                   Type           Power      Damage    Failure   Level
 Dazzling Flash           Conj/Hex       40%        N/A       14%         3
 Fulminant Prism          Conj/Hex       10%        3d8       43%         4
 Iskenderun's Mystic Bla  Conj/Tloc      20%        2d6       43%         4


Dungeon Overview and Level Annotations

Branches:
Dungeon (4/15)              Sewer (1/1)
 Temple: D:4-7

Altars:
Fedhas
Makhleb
Okawaru


Innate Abilities, Weirdness & Mutations

Your plain brown scales are hard. (AC +5)
You cannot fit into any form of body armour.
You are cold-blooded and may be slowed by cold attacks.


Message History

You feel yourself moving faster!
You feel mighty!
You feel sick. The kobold hits you with a +0 whip.
* * * LOW HITPOINT WARNING * * *
The kobold hits you but does no damage. The kobold brigand barely misses you.
You barely miss the kobold brigand.
The kobold brigand is moderately wounded.
You feel sick.
You are no longer poisoned.
The kobold hits you with a +0 whip.
* * * LOW HITPOINT WARNING * * *
The kobold barely misses you. The kobold brigand barely misses you.
You are too berserk!
You barely miss the kobold brigand.
The kobold brigand is moderately wounded.
The kobold closely misses you. x2
The kobold brigand completely misses you.
You closely miss the kobold brigand.
The kobold brigand is moderately wounded.
The kobold hits you but does no damage. x2
The kobold brigand hits you with a +0 dagger.
* * * LOW HITPOINT WARNING * * *
The kobold brigand completely misses you.
The kobold closely misses you.
The kobold hits you with a +1 whip of venom.
* * * LOW HITPOINT WARNING * * *
You hit the kobold brigand.
The kobold brigand is moderately wounded.
The kobold hits you with a +0 whip.
* * * LOW HITPOINT WARNING * * *
The kobold barely misses you.
The kobold brigand hits you with a +0 dagger.
* * * LOW HITPOINT WARNING * * *
You hit the kobold brigand.
Your tail-slap misses the kobold brigand.
The kobold brigand is moderately wounded.
The kobold hits you with a +0 whip.
* * * LOW HITPOINT WARNING * * *
The kobold hits you but does no damage.
The kobold brigand hits you with a +0 dagger.
You die...

#≈≈≈≈≈≈~...#≈~≈≈≈
#≈≈≈≈~~#...#~≈≈≈≈
#≈≈≈≈≈...≈...~≈≈≈
#≈.~≈..#≈≈≈#..~~~
#......#~≈≈#.....
#'#######≈## ####
#).....#...#.)...
#≈~.≈≈~.~~~......)~~≈
#≈≈~#≈~≈≈≈≈#K@K#≈≈≈
#############K## .K.
..§.. .......
+.§._.§.+ +.......+
#..§.§..#


You could see a kobold brigand and 3 kobolds.

Vanquished Creatures
  2 orc priests (D:3)
  An orc wizard (D:3)
  3 gnolls (D:3)
  2 adders
  4 worms
  3 dart slugs (D:2)
  5 orcs (D:3)
  8 bats
  9 endoplasms
  5 giant cockroaches
  15 goblins
  7 hobgoblins
  9 kobolds
  3 quokkas
  7 ball pythons
  4 frilled lizards
  A kobold zombie (Sewer)
  5 rats
93 creatures vanquished.

Vanquished Creatures (others)
  A giant cockroach zombie (Sewer)
1 creature vanquished.

Grand Total: 94 creatures vanquished

Notes
Turn   | Place    | Note
-------+----------+-------------------------------------------
     0 | D:1      | hwolsky the Draconian Conjurer began the quest for the Orb.
     0 | D:1      | Reached XP level 1. HP: 14/14 MP: 3/3
   163 | D:1      | Reached XP level 2. HP: 20/20 MP: 1/5
   497 | D:1      | Learned a level 2 spell: Searing Ray
  1382 | D:2      | Reached XP level 3. HP: 26/26 MP: 3/6
  1840 | D:2      | Found a faded altar of an unknown god.
  1840 | D:2      | Noticed a reaper
  1850 | D:2      | Prayed at the altar of an unknown god.
  1850 | D:2      | Became a worshipper of Makhleb the Destroyer
  1850 | D:2      | Reached * piety under Makhleb
  2772 | D:2      | Reached XP level 4. HP: 33/33 MP: 2/7
  3705 | D:3      | Found a blossoming altar of Fedhas.
  3706 | D:3      | Found an iron altar of Okawaru.
  3724 | D:3      | Reached ** piety under Makhleb
  3788 | D:3      | Reached XP level 5. HP: 34/38 MP: 2/9
  4221 | D:3      | Reached skill level 5 in Conjurations
  4583 | D:4      | Found a glowing drain.
  4604 | Sewer    | Entered a sewer
  4780 | Sewer    | Found a burning altar of Makhleb.
  4797 | Sewer    | Slain by a kobold brigand

Illustrated notes

Levels and vault maps discovered:
D:1:      dpeg_arrival_lava_temple_mockup, layout_rooms,
          serial_co_window_serial, co_window_paths_a, co_window_corner_a,
          co_window_paths_b, co_window_corner_a, co_window_paths_a,
          co_window_2corner, co_window_unsneaky_path_a, co_window_corner_b,
          co_window_2corner, co_window_unsneaky_path_d, co_window_corner_ca,
          co_window_2corner, co_window_paths_d, glass_columns_b,
          glass_columns_a, glass_columns_b, glass_columns_a, glass_columns_c
D:2:      kennysheep_the_goblin_king, layout_loops_corners,
          dreamdust_ecumenical_altar_sealed_demon, chequers_serial_rivers_room_a
D:3:      layout_loops_cross, grunt_temple_overflow_open
D:4:      layout_loops_ring, kennysheep_mini, cheibrodos_sewer_entry_sluice,
          grunt_ministairs_1
Sewer:    kennysheep_sewer_church

Skill      XL: |  1  2  3  4  5 |
---------------+----------------+-----
Stealth        | 2 3 |  3.0
Dodging        | 2 3 |  3.1
Spellcasting   | 3 |  3.2
Conjurations   | 5 |  5.0
Staves         | |  0.7
Invocations    | |  0.8

Action                     |  1- 3 |  4- 6 || total
---------------------------+-------+-------++-------
  Melee: Dagger            |    12 |       ||    12
         Tailslap          |     4 |    16 ||    20
         Staff             |    14 |   102 ||   116
         Punch             |       |     1 ||     1
  Throw: Boomerang         |       |    12 ||    12
   Cast: Magic Dart        |    71 |    76 ||   147
         Searing Ray       |       |     2 ||     2
 Invoke: Minor Destruction |       |     7 ||     7
    Use: Potion            |     2 |     4 ||     6
         Scroll            |     1 |     3 ||     4
   Stab: Sleeping          |       |     2 ||     2
 Armour: Skin              |    10 |    55 ||    65
  Dodge: Dodged            |    30 |    91 ||   121

Table legend: (Time is in decaauts)
 A = Elapsed time spent in this place.
 B = Non-inter-level travel time spent in this place.
 C = Inter-level travel time spent in this place.
 D = Time resting spent in this place.
 E = Time spent auto-exploring this place.
 F = Levels seen in this place.
 G = Mean time per level.
                   A        B        C        D        E       F      G
               +--------+--------+--------+--------+--------+-----+--------+
         Total |   4859 |   4762 |     97 |    621 |   3123 |   5 |  971.8 |
       Dungeon |   4655 |   4558 |     97 |    567 |   3093 |   4 | 1163.8 |
         Sewer |    204 |    204 |      0 |     54 |     30 |   1 |  204.0 |
               +--------+--------+--------+--------+--------+-----+--------+

Top non-repeatable levels by time:
     D:2: 1951 daAuts
     D:1: 1380 daAuts
     D:3: 1224 daAuts
   Sewer: 204 daAuts
     D:4: 98 daAuts
